Unix NetHack Version 5.0.0-0 post-release - last build Jul 19 2026 19:10:59 (3aa4ab31751d3886436d94b585a96704892fd477,branch:main).

Game began 2026-07-20 10:00:57, ended 2026-07-20 10:25:04.

Calendula, neutral female human Wizard

              -----                                  ----------
  ------      |...|                ----------        |........|
  |**Y``      |...|                |........|        |........|
  |.*``|##    |...-################-........|       #.........|         ------
  |F*dd-##### |...|           #   #|........|       #|.....<..|         |....|
  |..FW|   #  |....           #   #---.------       #|........|      ###.....|
  ------   #  --.--           #   ## ################--.-------      #  |....|
           #    #             #       ##################             #  |....|
           #    #             #     #####     #####    #            ####.....|
           #    #           ####   `#  #               #            ##  |....|
           #    #      -----##     #---.--#-           ####         #   ------
           # ####      |....#      #|......|              #        ##
           #-.----   ##|..>|       #|......| ##           ##       #
           #......#####|...|       #|....()-#%           --.---   ##
            |....|    #....|       #|......|####         |....|  ##
            |....|     ----- #######--------   ##########.....|###
            |....|     #######                   ##      |....|#
            |....-#####`                          #####*#.....-#
            ------                                       -.----

Calendula the Conjurer    St:14 Dx:14 Co:11 In:16 Wi:11 Ch:10  Neutral
Dlvl:3  $:66 HP:0(30) Pw:6(34) AC:7  Xp:3 T:1017 

Latest messages:
 The spell hits the hobbit!
 You kill the hobbit!
 Kiwi eats a partly eaten jackal corpse.
 Double run prefix, canceled.
 You see here 16 gold pieces.
 $ - 16 gold pieces (66 in total).
 You hear some noises in the distance.
 Pick a monster, object or location.
 .        a doorway or the floor of a room or the dark part of a room or ice (floor of a room)
 You see here a statue of a jackal.
 In what direction? 8
 The statue shatters.
 The statue shatters.
 The statue shatters.
 You see here 17 rocks.
 You see here 27 rocks.
 You see here 46 rocks.
 You see here a statue of a newt.
 In what direction? 4
 The statue shatters.
 Instead of shattering, the statue of an owlbear suddenly comes to life!
 The statue shatters.
 In what direction? 4
 The spell misses the owlbear.
 In what direction? 4
 The spell hits the owlbear!
 You miss the owlbear.
 The owlbear hits!
 The owlbear hits again!
 The owlbear grabs you!
 What do you want to use or apply? [cfl-osuwxA or ?*] f
 You light your potion.  It gives off a dim light.
 The owlbear hits!
 The owlbear hits again!
 You are being crushed.
 Kiwi picks up a stone.
 What do you want to read? [jklmw or ?*] j
 As you read the scroll, it disappears.
 The ceiling rumbles above you!
 The owlbear is hit by a boulder!
 You are hit by a boulder!
 Fortunately, you are wearing a hard helmet.
 The owlbear hits!
 The owlbear hits again!
 You die...
 Do you want your possessions identified? [ynq] (y) y
 Do you want to see your attributes? [ynq] (y) y
 Do you want an account of creatures vanquished? [ynaq] (y) y
 Do you want to see your conduct and achievements? [ynq] (y) y
 Do you want to see the dungeon overview? [ynq] (y) y

Inventory:
 Coins    ('$')
  $ - 66 gold pieces
 Weapons  (')')
  a - a blessed +1 quarterstaff (weapon in hands)
 Armor    ('[')
  y - an uncursed +1 orcish helm (being worn)
  b - an uncursed +0 cloak of magic resistance (being worn)
  B - an uncursed +0 leather armor
 Comestibles  ('%')
  x - an uncursed eucalyptus leaf
 Scrolls  ('?')
  k - an uncursed scroll of blank paper
 Spellbooks  ('+')
  w - an uncursed spellbook of detect treasure
  l - a blessed spellbook of force bolt
  m - an uncursed spellbook of identify
 Potions  ('!')
  h - an uncursed potion of extra healing
  g - an uncursed potion of healing
  p - a cursed potion of healing
  f - an uncursed potion of oil (lit)
 Rings    ('=')
  r - an uncursed ring of cold resistance
  d - an uncursed ring of invisibility (on right hand)
  e - an uncursed ring of regeneration
 Wands    ('/')
  c - a wand of probing (0:8)
  A - a wand of stasis (0:4)
  u - a wand of undead turning (0:3)
 Tools    ('(')
  o - an uncursed blindfold
  n - a magic marker (0:20)
  s - an uncursed tin whistle
 Gems/Stones  ('*')
  q - an uncursed worthless piece of orange glass

Calendula the Wizard's attributes:

Background:
 You were a Conjurer, a level 3 female human Wizard.
 You were neutral, nominally on a mission for Thoth
 who was opposed by Ptah (lawful) and Anhur (chaotic).
 You were left-handed.
 You were in the Dungeons of Doom, on level 3.
 You entered the dungeon 1017 turns ago.
 You had 47 experience points, 33 more were needed to attain level 4.

Basics:
 You had 0 out of 30 hit points.
 You had 6 out of 34 energy points (spell power).
 Your armor class was 7.
 Your wallet contained 66 zorkmids.
 Autopickup was off.

Final Characteristics:
 Your strength was 14 (limit:18/100).
 Your dexterity was 14 (limit:18).
 Your constitution was 11 (limit:18).
 Your intelligence was 16 (limit:18).
 Your wisdom was 11 (limit:18).
 Your charisma was 10 (limit:18).

Final Status:
 You were held by an owlbear (west).
 You weren't hungry.
 You were unencumbered.
 You were wielding a quarterstaff.
 You had basic skill with quarterstaff.

Final Attributes:
 You were devoutly aligned.
 You were magic-protected.
 You were invisible.
 You were warded.
 You are dead.

Miscellaneous:
 You didn't encounter any bones levels.
 Total elapsed playing time was 24 minutes and 7 seconds.

Major events:
 Turn
    1: Calendula the neutral female human Wizard entered the dungeon
  907: attained the rank of Conjurer (level 3)
 1017: killed by an owlbear

Spells:
 Name                 Level Category     Fail Retention
 force bolt             1   attack         0%  91%-100%
 identify               3   divination   100%  76%-100%
 detect treasure        4   divination   100%  76%-100%

Skills:
 Fighting Skills
   bare handed combat [Unskilled]
   riding             [Unskilled]
 Weapon Skills
   dagger             [Unskilled]
   knife              [Unskilled]
   axe                [Unskilled]
   short sword        [Unskilled]
   club               [Unskilled]
   mace               [Unskilled]
   quarterstaff       [Basic]
   polearms           [Unskilled]
   spear              [Unskilled]
   trident            [Unskilled]
   sling              [Unskilled]
   dart               [Unskilled]
   shuriken           [Unskilled]
 Spellcasting Skills
   attack spells      [Basic]
   healing spells     [Unskilled]
   divination spells  [Unskilled]
   enchantment spells [Basic]
   clerical spells    [Unskilled]
   escape spells      [Unskilled]
   matter spells      [Unskilled]

Voluntary challenges:
 Character rerolling was not enabled.
 You were an atheist.
 You never genocided any monsters.
 You never polymorphed an object.
 You never changed form.
 You used no wishes.
Achievement:
 You attained the rank of Conjurer.

 The Dungeons of Doom: levels 1 to 3
    Level 1:
    Level 2:
       Some fountains, a grave.
    Level 3: <- You were here.
       Final resting place for
          you, killed by an owlbear.


Vanquished creatures:
  a hobbit
  a giant rat
  a gnome zombie
  a gecko
  a jackal
  3 goblins
  4 grid bugs
  3 lichens
  a newt
16 creatures vanquished.

No species were genocided or became extinct.

Game over:
                       ----------
                      /          \
                     /    REST    \
                    /      IN      \
                   /     PEACE      \
                  /                  \
                  |    Calendula     |
                  |      66 Au       |
                  |   killed by an   |
                  |     owlbear      |
                  |                  |
                  |                  |
                  |       2026       |
                 *|     *  *  *      | *
        _________)/\\_//(\/(/\)/\//\/|_)_______

Goodbye Calendula the Wizard...

You died in The Dungeons of Doom on dungeon level 3 with 358 points,
and 66 pieces of gold, after 1017 moves.
You were level 3 with a maximum of 30 hit points when you died.

